 Dungeon Crawl Stone Soup version 0.20.1-1-g8b1a95d (webtiles) character file.

91 RusskiyBorsh the Conjurer (level 4, -5/34 HPs)
             Began as a Human Conjurer on July 26, 2017.
             Slain by an orc
             ... wielding a +0 hand axe
              (6 damage)
             ... on level 4 of the Dungeon.
             The game lasted 00:41:46 (2435 turns).

RusskiyBorsh the Conjurer (Human Conjurer)          Turns: 2435, Time: 00:41:47

Health: -5/34      AC:  2    Str:  9    XL:     4   Next: 88%
Magic:  7/10       EV: 19    Int: 16    God:
Gold:   47         SH:  0    Dex: 18    Spells: 7/12 levels left

rFire    . . .     SeeInvis .   d - +0 short sword
rCold    . . .     Gourm    .   (no shield)
rNeg     . . .     Faith    .   a - +0 robe
rPois    .         Spirit   .   (no helmet)
rElec    .         Reflect  .   (no cloak)
rCorr    .         Harm     .   (no gloves)
MR       .....                  (no boots)
Stlth    ++++......             (no amulet)
Regen    0.2/turn               (no ring)
MPRegen  0.2/turn               (no ring)

@: agile, flying
A: no striking features
a: no special abilities


You were on level 4 of the Dungeon.
You were hungry.

You visited 1 branch of the dungeon, and saw 4 of its levels.

You collected 47 gold pieces.

Inventory:

Hand Weapons
 d - a +0 short sword (weapon)
 f - a +0 dagger
 j - a +0 hand axe
 t - a +1 vampiric short sword
 u - a +0 arbalest
Missiles
 o - 40 poisoned needles
 p - 16 bolts
Armour
 a - a +0 robe (worn)
 h - a +0 leather armour
 k - a +0 robe
 v - a +0 ring mail
Jewellery
 g - an uncursed amulet of rage {unknown}
Scrolls
 c - a scroll of teleportation
 e - a scroll of fog {unknown}
 l - 5 scrolls of identify {unknown}
Potions
 i - a potion of berserk rage {unknown}
Books
 b - a book of Conjurations

   Spells                             Type                      Level
   a - Magic Dart                     Conjuration                  1
   b - Searing Ray                    Conjuration                  2
   c - Dazzling Spray                 Conjuration/Hexes            3
   d - Fulminant Prism                Conjuration/Hexes            4
   e - Force Lance                    Conjuration/Translocation    4
   f - Iskenderun's Mystic Blast      Conjuration                  4
Comestibles
 m - a royal jelly
 n - 2 bread rations


   Skills:
 + Level 2.9 Fighting
 + Level 2.9 Short Blades
 + Level 2.7 Axes
 + Level 2.6 Throwing
 + Level 2.6 Armour
 + Level 3.7 Dodging
 + Level 4.0 Stealth
 + Level 2.7 Unarmed Combat
 + Level 4.5 Spellcasting
 + Level 6.1 Conjurations


You had 7 spell levels left.
You knew the following spells:

 Your Spells              Type           Power        Failure   Level  Hunger
a - Magic Dart            Conj           ###.         1%          1    None
b - Iskenderun's Mystic   Conj           ###.....     12%         4    ####...


Dungeon Overview and Level Annotations

Branches:
Dungeon (4/15)
 Temple: D:4-7

Altars:

Annotations:
D:3 Sigmund


Message History

Press: ? - help, Shift-Dir - straight line, f/p - orc
Aim: an orc, wielding a hand axe (moderately wounded)
The magic dart hits the orc.
The orc is heavily wounded.
The orc closely misses you. The orc hits you with a short sword.
* * * LOW HITPOINT WARNING * * *
Casting: Magic Dart
Confirm with . or Enter, or press ? or * to list all spells.
Aiming: Magic Dart
Press: ? - help, Shift-Dir - straight line, f/p - orc
Aim: an orc, wielding a hand axe (heavily wounded)
The magic dart hits the orc.
The orc is severely wounded.
The orc misses you. x2
It was a potion of flight.
You feel very buoyant.
You fly up into the air.
The orc hits you with a short sword.
* * * LOW HITPOINT WARNING * * *
The orc hits you with a hand axe.
You die...

# #.
>####
.o(
#o#
#@#
#o#
..#
####


You could see 3 orcs.

Vanquished Creatures
  An adder (D:3)
  A worm (D:3)
  A dart slug (D:2)
  A leopard gecko (D:2)
  5 giant cockroaches (D:1)
  8 goblins
  3 hobgoblins
  2 jackals (D:2)
  2 quokkas (D:3)
  4 bats (D:1)
  4 frilled lizards
  7 kobolds
  6 rats
45 creatures vanquished.

Notes
Turn   | Place    | Note
-------+----------+-------------------------------------------
     0 | D:1      | RusskiyBorsh the Human Conjurer began the quest for the Orb.
     0 | D:1      | Reached XP level 1. HP: 13/13 MP: 3/3
   254 | D:1      | Reached XP level 2. HP: 19/19 MP: 3/5
   522 | D:1      | Reached XP level 3. HP: 6/24 MP: 0/6
   527 | D:1      | Reached skill level 6 in Conjurations
   527 | D:1      | Reached XP level 4. HP: 2/34 MP: 0/10
   874 | D:1      | Learned a level 4 spell: Iskenderun's Mystic Blast
  1692 | D:2      | You fall through a shaft!
  1958 | D:3      | Noticed Sigmund
  2435 | D:4      | HP: 1/34 [orc/short sword (2)]
  2435 | D:4      | Slain by an orc

Skill      XL: |  1  2  3  4 |
---------------+-------------+-----
Fighting       | 2 |  2.9
Short Blades   | 2 |  2.9
Axes           | 2 |  2.7
Throwing       | 2 |  2.6
Armour         | 2 |  2.6
Dodging        | 3 |  3.7
Stealth        | 3 4 |  4.0
Unarmed Combat | 2 |  2.7
Spellcasting   | 4 |  4.5
Conjurations   | 6 |  6.1

Action                   |  1- 3 |  4- 6 || total
-------------------------+-------+-------++-------
Melee: Short sword       |    26 |    18 ||    44
       Unarmed           |     1 |       ||     1
 Cast: Magic Dart        |    25 |    62 ||    87
       Iskenderun's Myst |       |     5 ||     5
  Use: Potion            |     1 |     2 ||     3
       Scroll            |       |     1 ||     1
  Eat: Bread ration      |       |     1 ||     1
       Chunk             |       |     1 ||     1
Armor: Robe              |     5 |     3 ||     8
Dodge: Dodged            |    30 |    24 ||    54
